 Seeded DCSS version 0.30-a0-883-g5ad918d77d (webtiles) character file.

Game seed: 15748772131455733785 (custom seed)

112 Parcival the Trooper (level 4, -2/41 HPs)
             Began as a Minotaur Fighter on Mar 15, 2023.
             Slain by a gnoll
             ... wielding a +0 flail
              (6 damage)
             ... on level 2 of the Dungeon on Mar 16, 2023.
             The game lasted 00:04:14 (1435 turns).

Parcival the Trooper (Minotaur Fighter)             Turns: 1435, Time: 00:04:15

Health: -2/41      AC: 11    Str: 29    XL:     4   Next: 63%
Magic:  3/3        EV:  7    Int:  5    God:
Gold:   81         SH:  4    Dex:  9    Spells: 3/3 levels left

rFire   . . .      SeeInvis .    k - +0 broad axe
rCold   . . .      Faith    .    c - +0 buckler
rNeg    . . .      Spirit   .    e - +0 plate armour
rPois   +          Reflect  .    (helmet restricted)
rElec   .          Rampage  .    (no cloak)
rCorr   .                        (no gloves)
Will    .....                    (no boots) Stlth
                                 (no amulet)
HPRegen 0.26/turn                f - +6 ring of strength
MPRegen 0.08/turn                r - ring of poison resistance

@: no status effects
A: horns 2, retaliatory headbutt
a: no special abilities


You were on level 2 of the Dungeon.
You visited 1 branch of the dungeon, and saw 3 of its levels.

You collected 81 gold pieces.

Inventory:

Hand Weapons
 a - a +0 war axe
 k - a +0 broad axe (weapon)
Armour
 b - a +0 scale mail
 c - a +0 buckler (worn)
 e - a +0 plate armour (worn)
Magical Staves
 i - a staff of earth
Jewellery
 f - a +6 ring of strength (left hand)
 r - a ring of poison resistance (right hand)
Wands
 o - a wand of acid (9)
Scrolls
 g - a scroll of fog
 m - a scroll of fear {unknown}
 p - a scroll of identify {unknown}
 q - a scroll of blinking {unknown}
Potions
 d - 2 potions of might
 h - a potion of heal wounds {unknown}
 j - 2 potions of mutation {unknown}
 l - a potion of brilliance {unknown}
 n - a potion of lignification {unknown}


   Skills:
 + Level 4.6 Fighting
 + Level 4.4 Axes
 + Level 4.1 Armour
 + Level 0.4 Dodging
 + Level 3.8 Shields


You had 3 spell levels left.
You didn't know any spells.
Your spell library contained the following spells:

 Spells                   Type           Power      Damage    Failure   Level
 Ignite Poison            Fire/Tmut/Pois 0%         N/A       100%        3
 Kindle Blastsparks       Fire/Tloc/Air  0%         2d10      100%        3
 Freezing Cloud           Conj/Ice/Air   0%         6-21      100%        5


Dungeon Overview and Level Annotations

Branches:
Dungeon (3/15)

Altars:


Innate Abilities, Weirdness & Mutations

You have a pair of horns on your head.
You reflexively headbutt those who attack you in melee.


Message History

A kobold is nearby!
The kobold shouts!
You closely miss the kobold.
The kobold hits you but does no damage. x2
You hit the kobold.
You kill the kobold!
Things that are here:
a +0 short sword; a kobold corpse
Found a falchion.
You now have 58 gold pieces (gained 8).
There is a stone staircase leading up here.
You now have 75 gold pieces (gained 17).
You see here a +0 falchion.
You now have 81 gold pieces (gained 6). 3 gnolls come into view.
The gnoll shouts! x3
There are monsters nearby!
You barely miss the gnoll.
The gnoll hits you but does no damage. x2
You block the gnoll's attack. The gnoll hits you but does no damage.
The gnoll hits you with a +0 flail.
You barely miss the gnoll. You closely miss the gnoll.
The gnoll hits you with a +0 flail. The gnoll hits you with a +0 spear.
You slice the gnoll!!
You kill the gnoll!
You barely miss the gnoll. The gnoll hits you with a +0 flail. x2
The gnoll hits you with a +0 flail!
You slash the gnoll!
You kill the gnoll!
You hit the gnoll. The gnoll hits you with a +0 flail.
* * * LOW HITPOINT WARNING * * *
Things that are here:
a +0 flail; a +0 spear; a gnoll corpse The gnoll attacks as you move away!
The gnoll hits you but does no damage.
You hit the gnoll. Your headbutt misses the gnoll.
The gnoll is severely wounded.
The gnoll barely misses you. The gnoll hits you with a +0 flail!
* * * LOW HITPOINT WARNING * * *
You barely miss the gnoll. Your headbutt misses the gnoll.
The gnoll is severely wounded.
The gnoll hits you with a +0 flail.
You die...

### #####.#
#..)g@#
###.###.###
#####..........
#......#######..
##.###..# .#
#..# #.P# #
#####..# #..+
#......# #.P#
#.###..# #..#


You could see a gnoll.

Vanquished Creatures
  2 gnolls (D:2)
  3 adders (D:2)
  A worm (D:2)
  2 dart slugs (D:3)
  5 ball pythons
  10 endoplasms
  2 giant cockroaches (D:1)
  4 goblins
  6 hobgoblins
  5 jackals
  A quokka (D:2)
  4 frilled lizards
  4 kobolds
  4 rats
53 creatures vanquished.

Notes
Turn   | Place    | Note
-------+----------+-------------------------------------------
     0 | D:1      | Parcival the Minotaur Fighter began the quest for the Orb.
     0 | D:1      | Reached XP level 1. HP: 19/19 MP: 0/0
   245 | D:1      | Reached XP level 2. HP: 27/27 MP: 1/1
   955 | D:2      | Reached XP level 3. HP: 32/33 MP: 2/2
  1037 | D:2      | You fall into a shaft and drop 1 floor!
  1209 | D:2      | Reached XP level 4. HP: 40/41 MP: 3/3
  1435 | D:2      | Slain by a gnoll

Illustrated notes

Levels and vault maps discovered:
D:1:      dpeg_arrival_brainrot, layout_basic, hangedman_decor_growths,
          minmay_misc_feat_rugged, nicolae_titane
D:2:      minmay_recursive_quarters, layout_basic,
          dreamdust_ecumenical_altar_sealed_demon, serial_glass,
          glass_columns_c, glass_columns_a, hex_tiny
D:3:      layout_basic, ebering_ghost_reflecting_pool,
          minmay_misc_feat_four_crosses, uniq_ijyb, uniq_natasha

Skill      XL: |  1  2  3  4 |
---------------+-------------+-----
Fighting       | 4 |  4.6
Armour         | 4 |  4.1
Axes           | 3 4 |  4.4
Dodging        | |  0.4
Shields        | |  3.8

Action                     |  1- 3 |  4- 6 || total
---------------------------+-------+-------++-------
  Melee: War axe           |    38 |       ||    38
         Broad axe         |    37 |    41 ||    78
         Headbutt          |     6 |     1 ||     7
    Use: Scroll            |     1 |       ||     1
 Armour: Plate armour      |    55 |    38 ||    93
         Scale mail        |     2 |       ||     2
  Dodge: Dodged            |    32 |    14 ||    46
  Block: Buckler           |    21 |    13 ||    34

Table legend: (Time is in decaauts)
 A = Elapsed time spent in this place.
 B = Non-inter-level travel time spent in this place.
 C = Inter-level travel time spent in this place.
 D = Time resting spent in this place.
 E = Time spent auto-exploring this place.
 F = Levels seen in this place.
 G = Mean time per level.
                   A        B        C        D        E       F      G
               +--------+--------+--------+--------+--------+-----+--------+
         Total |   1483 |   1463 |     20 |      0 |   1042 |   3 |  494.3 |
       Dungeon |   1483 |   1463 |     20 |      0 |   1042 |   3 |  494.3 |
               +--------+--------+--------+--------+--------+-----+--------+

Top non-repeatable levels by time:
     D:1: 948 daAuts
     D:2: 460 daAuts
     D:3: 73 daAuts
